 Dungeon Crawl Stone Soup version 0.27.1-35-g4d5d836560 (webtiles) character file.

Game seed: 17475585299099617215

321 jjjjhere the Chopper (level 6, -1/51 HPs)
             Began as a Minotaur Warper on Oct 8, 2022.
             Was a Priest of Uskayaw.
             Slain by an orc (4 damage)
             ... on level 4 of the Dungeon on Oct 10, 2022.
             The game lasted 00:03:47 (2295 turns).

jjjjhere the Chopper (Minotaur Warper)              Turns: 2295, Time: 00:03:47

Health: -1/51      AC:  9    Str: 16 (18) XL:     6   Next: 22%
Magic:  7/7        EV: 10    Int:  9 (10) God:    Uskayaw [***...]
Gold:   214        SH:  0    Dex:  8 (9)  Spells: 5/7 levels left

rFire    . . .     SeeInvis .   a - +0 hand axe
rCold    . . .     Faith    .   (no shield)
rNeg     . . .     Spirit   .   i - +0 ring mail
rPois    .         Reflect  .   (helmet restricted)
rElec    .         Harm     .   (no cloak)
rCorr    .         Rampage  .   (no gloves)
Will     .....                  (no boots)
Stlth    ..........             (no amulet)
HPRegen  0.17/turn              l - +4 ring of protection
MPRegen  0.10/turn              (no ring)

@: lethally poisoned (-1 -> -3)
A: horns 2, retaliatory headbutt
a: Renounce Religion, Stomp, Line Pass


You were on level 4 of the Dungeon.
You worshipped Uskayaw.
Uskayaw was noncommittal.
You visited 1 branch of the dungeon, and saw 4 of its levels.

You collected 214 gold pieces.

Inventory:

Hand Weapons
 a - a +0 hand axe (weapon)
Missiles
 d - 5 boomerangs of dispersal (quivered)
Armour
 b - a +0 leather armour
 i - a +0 ring mail (worn)
Jewellery
 l - a +4 ring of protection (left hand)
Wands
 o - a wand of polymorph (13)
Scrolls
 c - a scroll of blinking
 e - a scroll of magic mapping {unknown}
 f - 7 scrolls of identify {unknown}
 k - a scroll of acquirement {unknown}
 m - 2 scrolls of immolation {unknown}
 n - a scroll of teleportation {unknown}
 p - a scroll of holy word {unknown}
Potions
 g - 2 potions of degeneration
 h - 3 potions of haste {unknown}
 j - a potion of might {unknown}


   Skills:
 - Level 3.2 Fighting
 * Level 6.6 Axes
 - Level 1.0 Throwing
 - Level 1.2 Armour
 - Level 2.1 Dodging
 - Level 1.3 Spellcasting
 - Level 2.2 Translocations
 + Level 2.7 Invocations


You had 5 spell levels left.
You knew the following spells:

 Your Spells              Type           Power      Damage    Failure   Level
a - Blink                 Tloc           N/A        N/A       38%         2

Your spell library contained the following spells:

 Spells                   Type           Power      Damage    Failure   Level
 Gell's Gravitas          Tloc           2%         N/A       63%         3
 Lesser Beckoning         Tloc           2%         N/A       63%         3
 Teleport Other           Tloc           4%         N/A       63%         3
 Manifold Assault         Tloc           4%         N/A       100%        5


Dungeon Overview and Level Annotations

Branches:
Dungeon (4/15)             Temple (0/1) D:4

Altars:
Kikubaaqudgha
Uskayaw

Shops:
D:1 *


Innate Abilities, Weirdness & Mutations

You have a pair of horns on your head.
You reflexively headbutt those who attack you in melee.


Message History

You closely miss the orc. You miss something.
You feel very sick. The orc barely misses you.
You can now pass through a line of other dancers.
You hit the orc.
You kill the orc!
You hit something.
You feel very sick. Something hits you. The orc misses you.
Uskayaw will force your foes to helplessly watch your dance.
Uskayaw prepares the audience for your solo!
You feel very sick.
The orc is no longer paralysed.
Something hits you but does no damage. The orc hits you with a +0 war axe.
Items here: )) [[ ††.
Found a stone staircase leading up.
You feel very sick.
The orc is no longer paralysed.
The orc barely misses you.
You feel sick. The orc hits you but does no damage. Something hits you.
* * * LOW HITPOINT WARNING * * *
You slash the orc!
You kill the orc!
You miss something. You hit the orc but do no damage.
You feel sick. The orc hits you but does no damage.
Something hits you but does no damage.
You closely miss the orc.
The orc is heavily wounded.
You hit something.
You feel sick. The orc hits you but does no damage.
You hit the orc.
The orc is almost dead.
You miss something.
You feel sick. Something hits you.
* * * LOW HITPOINT WARNING * * *
The orc hits you with a +0 war axe.
* * * LOW HITPOINT WARNING * * *
It was a potion of degeneration.
There was something very wrong with that liquid.
You feel weakened.
You feel dopey.
You feel clumsy.
* * * LOW HITPOINT WARNING * * *
You feel sick. Something hits you but does no damage.
The orc hits you with a +0 war axe.
You die...

<..........
..........###.#.........
...........##.#.........
...........##.#.........
...........##.#.........
...........# ..........#
..........####........#
.......@{.##...#.....#
.......)o.#.........#
..............#.#####
#...........###..#
##........### ##.##
####....## ##.## #...###
##..## ...## #....# .##
##..##..#


You could see an orc.

Vanquished Creatures
  An ogre (D:4)
  A hound (D:3)
  An orc priest (D:4)
  Jessica (D:3)
  An orc wizard (D:3)
  A howler monkey skeleton (D:4)
  4 gnolls (D:3)
  2 adders
  5 orcs
  5 ball pythons
  2 endoplasms
  3 giant cockroaches
  6 goblins
  4 hobgoblins
  6 quokkas
  4 bats
  3 frilled lizards
  5 kobolds
  5 rats
60 creatures vanquished.

Notes
Turn   | Place    | Note
-------+----------+-------------------------------------------
     0 | D:1      | jjjjhere the Minotaur Warper began the quest for the Orb.
     0 | D:1      | Reached XP level 1. HP: 18/18 MP: 1/1
   171 | D:1      | Reached skill level 3 in Axes
   403 | D:1      | Reached XP level 2. HP: 17/25 MP: 3/3
   504 | D:1      | Learned a level 2 spell: Blink
   644 | D:1      | Found Zeunlot's Assorted Antiques.
   835 | D:1      | Found a faded altar of an unknown god.
   841 | D:1      | Became a worshipper of Uskayaw the Reveller
   841 | D:1      | Reached * piety under Uskayaw
  1054 | D:2      | Reached ** piety under Uskayaw
  1056 | D:2      | Reached *** piety under Uskayaw
  1057 | D:2      | Reached XP level 3. HP: 31/31 MP: 4/4
  1161 | D:2      | Reached skill level 4 in Axes
  1424 | D:3      | Reached **** piety under Uskayaw
  1427 | D:3      | Reached skill level 1 in Invocations
  1427 | D:3      | Reached XP level 4. HP: 15/38 MP: 5/5
  1430 | D:3      | Reached ***** piety under Uskayaw
  1431 | D:3      | Reached skill level 5 in Axes
  1703 | D:3      | Reached XP level 5. HP: 31/45 MP: 6/6
  1890 | D:3      | Noticed Jessica
  1897 | D:3      | Killed Jessica
  1902 | D:3      | Found an ancient bone altar of Kikubaaqudgha.
  2041 | D:3      | Found Sucoabb's Weapon Boutique.
  2205 | D:4      | Noticed an ogre
  2211 | D:4      | Killed an ogre
  2212 | D:4      | Reached skill level 6 in Axes
  2212 | D:4      | Reached XP level 6. HP: 51/51 MP: 7/7
  2224 | D:4      | Found a staircase to the Ecumenical Temple.
  2291 | D:4      | HP: 15/51 [poisoned by an orc]
  2294 | D:4      | HP: 6/51 [something (2)]
  2295 | D:4      | Slain by an orc

Illustrated notes

Levels and vault maps discovered:
D:1:      wheals_arrival_shading, layout_basic, basic_ecumenical_altar,
          serial_shops, shop, minmay_stone_trees_small,
          amcnicky_mini_corridor_feature, serial_bayou_pond_a,
          minmay_crystal_room
D:2:      layout_basic, minmay_surrounded
D:3:      minmay_spotlight, layout_basic, amcnicky_altar_gilded, serial_shops,
          shop, uniq_jessica
D:4:      layout_cave_pods, nicolae_gozag_cash_rules_everything_around_me,
          minmay_temple_entry_grid

Skill      XL: |  1  2  3  4  5 |
---------------+----------------+-----
Axes           | 3 4 5 6 |  6.6
Fighting       | 3 |  3.2
Invocations    | 1 2 |  2.7
Throwing       | |  1.0
Armour         | |  1.2
Dodging        | |  2.1
Spellcasting   | |  1.3
Translocations | |  2.2

Action                   |  1- 3 |  4- 6 || total
-------------------------+-------+-------++-------
Melee: Hand axe          |    83 |    47 ||   130
       Headbutt          |    15 |     9 ||    24
Evoke: Wand              |       |     1 ||     1
  Use: Potion            |       |     1 ||     1
 Stab: Paralysed         |     2 |     1 ||     3
Armor: Leather armour    |     5 |       ||     5
       Ring mail         |    25 |    21 ||    46
Dodge: Dodged            |    51 |    38 ||    89
